[Event "95th Caplin Hastings Congress"]
[Site "Hastings"]
[Date "2019.12.28"]
[Round "1.22"]
[White "Thompson, Ian D"]
[Black "Murphy, Conor E"]
[Result "1/2-1/2"]
[ECO "D60"]
[WhiteElo "2141"]
[BlackElo "2407"]
[Annotator "NA"]
[PlyCount "54"]
[EventDate "2019.12.28"]
[EventType "swiss"]
[EventCountry "ENG"]
[SourceTitle "playchess.com"]
[Source "ChessBase"]
[SourceQuality "1"]
[TimeControl "40/6600+30:3000+30"]

1. Nf3 d5 2. c4 e6 3. d4 Nf6 4. Bg5 Nbd7 5. e3 h6 6. Bh4 Be7 7. Nc3 O-O 8. Bd3 c5 9. O-O b6 10. cxd5 Nxd5 11. Bxe7 Nxe7 12. Qa4 cxd4 13. Qxd4 Nc5 14. Bc2 Nc6 15. Qf4 Ba6 16. Rfd1 Qb8 17. Qh4 Ne5 18. b4 Ncd7 19. Nxe5 Nxe5 20. Be4 Bb7 21. Bxb7 Qxb7 22. Nb5 Qc6 23. a4 Qc2 24. a5 Nd3 25. Nd4 Qb2 26. Rab1 Qa2 27. Ra1 Qb2 1/2-1/2

[Event "95th Caplin Hastings Congress"]
[Site "Hastings"]
[Date "2019.12.28"]
[Round "1.23"]
[White "Wadsworth, Matthew J"]
[Black "De Boer, Bas"]
[Result "1-0"]
[ECO "A11"]
[WhiteElo "2401"]
[BlackElo "2138"]
[Annotator "NA"]
[PlyCount "51"]
[EventDate "2019.12.28"]
[EventType "swiss"]
[EventCountry "ENG"]
[SourceTitle "playchess.com"]
[Source "ChessBase"]
[SourceQuality "1"]
[TimeControl "40/6600+30:3000+30"]

1. Nf3 d5 2. g3 Nf6 3. Bg2 c6 4. c4 dxc4 5. O-O Nbd7 6. Qc2 Nb6 7. Na3 Be6 8. Ng5 Qd7 9. Nxe6 Qxe6 10. e4 g6 11. b3 cxb3 12. axb3 Bg7 13. Bb2 O-O 14. d4 Rfd8 15. Nc4 Ne8 16. Rfd1 Nd6 17. Na5 Qd7 18. Rd2 f5 19. e5 Nb5 20. Nxb7 Nxd4 21. Bxd4 Qxb7 22. Bxc6 Qc8 23. Bxa8 Qxc2 24. Rxc2 Rxd4 25. Rxa7 Bxe5 26. Rxe7 1-0

[Event "95th Caplin Hastings Congress"]
[Site "Hastings"]
[Date "2019.12.28"]
[Round "1.24"]
[White "Sugden, John N"]
[Black "Vaishali R"]
[Result "0-1"]
[ECO "E88"]
[WhiteElo "2065"]
[BlackElo "2376"]
[Annotator "ChessBase"]
[PlyCount "78"]
[EventDate "2019.12.28"]
[EventType "swiss"]
[EventCountry "ENG"]
[SourceTitle "playchess.com"]
[Source "ChessBase"]
[SourceQuality "1"]
[TimeControl "40/6600+30:3000+30"]

1. d4 d6 2. e4 Nf6 3. f3 g6 4. c4 Bg7 5. Nc3 O-O 6. Be3 e5 7. d5 c6 8. Bd3 Na6 9. Nge2 Nc5 10. Bc2 a5 11. dxc6 bxc6 12. Bxc5 dxc5 13. Qxd8 Rxd8 14. Nc1 Nh5 15. g3 Bh3 16. Ke2 Bh6 17. Nd3 Ng7 18. Rad1 Ne6 19. Kf2 Rab8 20. b3 Nd4 21. Bb1 Rd6 22. Nxc5 Rf6 23. Rd3 Bf8 24. N5a4 Rd8 25. Ne2 Bg4 26. Ng1 g5 27. h3 Bh5 28. g4 Bg6 29. Ke3 Ba3 30. Rc3 Bb4 31. Rc1 Nxb3 32. axb3 Bd2+ 33. Kf2 Bxc1 34. Ne2 Ba3 35. Ke3 Rfd6 36. Nec3 Rd2 37. h4 gxh4 38. Nd5 Rg2 39. Nf6+ Kg7 0-1

[Event "95th Caplin Hastings Congress"]
[Site "Hastings"]
[Date "2019.12.28"]
[Round "1.25"]
[White "Petrov, Vladimir Sergeev"]
[Black "Unnikrishnan, Midhun P"]
[Result "1/2-1/2"]
[ECO "C47"]
[WhiteElo "2355"]
[BlackElo "2135"]
[Annotator "ChessBase"]
[PlyCount "108"]
[EventDate "2019.12.28"]
[EventType "swiss"]
[EventCountry "ENG"]
[SourceTitle "playchess.com"]
[Source "ChessBase"]
[SourceQuality "1"]
[TimeControl "40/6600+30:3000+30"]

1. e4 e5 2. Nf3 Nc6 3. Nc3 Nf6 4. d4 exd4 5. Nxd4 Bb4 6. Nxc6 bxc6 7. Bd3 d5 8. exd5 cxd5 9. O-O O-O 10. Bg5 c6 11. Qf3 Be7 12. Rae1 Rb8 13. b3 Bb4 14. Qg3 Bd7 15. Bd2 Be6 16. Nb1 Bxd2 17. Nxd2 Rb4 18. Nf3 Nh5 19. Qe5 Nf4 20. Bf5 Qb8 21. a3 Rb6 22. Bxe6 Nxe6 23. Qf5 Qd6 24. Ne5 c5 25. Re3 Nd4 26. Qd3 Rbb8 27. Rfe1 h6 28. b4 Rb7 29. Rd1 Ne6 30. bxc5 Qxc5 31. Qf5 d4 32. Rf3 Rb5 33. a4 Ra5 34. Re1 d3 35. Qxd3 Rxa4 36. Nxf7 Rxf7 37. Rxf7 Qa5 38. Qe3 Ra1 39. Rxg7+ Kxg7 40. c3 Rxe1+ 41. Qxe1 Qd5 42. g3 Ng5 43. Qe7+ Qf7 44. Qe5+ Kh7 45. Qc5 Qd7 46. h4 Nf3+ 47. Kg2 Nd2 48. f3 a6 49. g4 Qd3 50. Qe7+ Kg8 51. Qe8+ Kg7 52. Qe7+ Kg8 53. Qe8+ Kg7 54. Qd7+ Qxd7 1/2-1/2

[Event "95th Caplin Hastings Congress"]
[Site "Hastings"]
[Date "2019.12.28"]
[Round "1.26"]
[White "Ryzhkov, Vjacheslav"]
[Black "Willow, Jonah B"]
[Result "0-1"]
[ECO "B22"]
[WhiteElo "2134"]
[BlackElo "2355"]
[Annotator "NA"]
[PlyCount "60"]
[EventDate "2019.12.28"]
[EventType "swiss"]
[EventCountry "ENG"]
[SourceTitle "playchess.com"]
[Source "ChessBase"]
[SourceQuality "1"]
[TimeControl "40/6600+30:3000+30"]

1. e4 c5 2. c3 Nf6 3. e5 Nd5 4. d4 cxd4 5. cxd4 g6 6. Qb3 Nb6 7. Nc3 Nc6 8. Nf3 Bg7 9. a4 a5 10. Bf4 d6 11. h4 Bg4 12. Bb5 O-O 13. O-O-O Nb4 14. h5 Rc8 15. hxg6 hxg6 16. d5 dxe5 17. Bh6 N6xd5 18. Bc4 e6 19. Rd2 Bxh6 20. Rxh6 Bxf3 21. gxf3 Qg5 22. Rh1 Nxc3 23. bxc3 Qf4 24. Bxe6 fxe6 25. Qxe6+ Qf7 26. Qh3 Rxc3+ 27. Kb1 Rb3+ 28. Ka1 Ra3+ 29. Kb1 Qb3+ 30. Rb2 Qd3+ 0-1

[Event "95th Caplin Hastings Congress"]
[Site "Hastings"]
[Date "2019.12.28"]
[Round "1.27"]
[White "Bates, Richard A"]
[Black "Patrick, Chaski"]
[Result "1-0"]
[ECO "E11"]
[WhiteElo "2342"]
[BlackElo "2131"]
[Annotator "NA"]
[PlyCount "85"]
[EventDate "2019.12.28"]
[EventType "swiss"]
[EventCountry "ENG"]
[SourceTitle "playchess.com"]
[Source "ChessBase"]
[SourceQuality "1"]
[TimeControl "40/6600+30:3000+30"]

1. d4 d5 2. c4 e6 3. Nf3 Nf6 4. g3 Bb4+ 5. Bd2 Bxd2+ 6. Qxd2 O-O 7. Bg2 Ne4 8. Qc2 Nc6 9. O-O a5 10. Nc3 Nxc3 11. bxc3 f5 12. e3 Qf6 13. Nd2 Ne7 14. cxd5 exd5 15. f4 Qe6 16. Rfe1 a4 17. Rab1 b6 18. c4 Bb7 19. Nf3 Kh8 20. Ne5 Ra7 21. c5 Rc8 22. Rec1 g6 23. Qb2 Kg7 24. Qa3 Ra5 25. cxb6 cxb6 26. Rxc8 Nxc8 27. Rc1 Nd6 28. Rc7+ Kg8 29. Rd7 Ne8 30. Rxb7 Rb5 31. h4 Rb1+ 32. Kh2 Qd6 33. Qxd6 Nxd6 34. Bxd5+ Kf8 35. Rxh7 Rb2+ 36. Kh3 Ne4 37. Rf7+ Ke8 38. Bc6+ Kd8 39. Rd7+ Ke8 40. Ra7+ Kd8 41. Bxe4 fxe4 42. d5 Rd2 43. d6 1-0

[Event "95th Caplin Hastings Congress"]
[Site "Hastings"]
[Date "2019.12.28"]
[Round "1.28"]
[White "Persson, Andreas"]
[Black "Rudd, Jack"]
[Result "0-1"]
[ECO "E63"]
[WhiteElo "2112"]
[BlackElo "2331"]
[Annotator "NA"]
[PlyCount "108"]
[EventDate "2019.12.28"]
[EventType "swiss"]
[EventCountry "ENG"]
[SourceTitle "playchess.com"]
[Source "ChessBase"]
[SourceQuality "1"]
[TimeControl "40/6600+30:3000+30"]

1. d4 d6 2. Nf3 Nf6 3. g3 g6 4. Bg2 Bg7 5. O-O O-O 6. c4 Nc6 7. Nc3 a6 8. b3 Rb8 9. Nd5 Nd7 10. Bb2 b5 11. Rc1 bxc4 12. Rxc4 Na5 13. Rc2 c6 14. Ne3 Nf6 15. Ne1 Bd7 16. Nd3 Qb6 17. Qa1 Rfc8 18. b4 Nb7 19. Nc4 Qa7 20. e4 d5 21. Nd2 dxe4 22. Nxe4 Nxe4 23. Bxe4 Nd6 24. Bg2 Bf5 25. Rd1 Bxd3 26. Rxd3 Rxb4 27. Qe1 Rcb8 28. Ba1 Nf5 29. Rxc6 Nxd4 30. Bxd4 Bxd4 31. Rc2 e5 32. h4 Qb6 33. Kh2 Rb1 34. Qe2 Rb2 35. Rdd2 Rxc2 36. Rxc2 a5 37. Bd5 Rd8 38. Qf3 Rd7 39. Rc6 Qb2 40. Kg2 Qxf2+ 41. Qxf2 Bxf2 42. Bb3 Be1 43. Kf3 Kg7 44. Rc1 Bb4 45. Ke4 Re7 46. g4 f6 47. Rc8 h5 48. gxh5 f5+ 49. Kd5 gxh5 50. Kc6 e4 51. Rg8+ Kf6 52. Bd1 Re6+ 53. Kb5 f4 54. Bxh5 Re5+ 0-1

[Event "95th Caplin Hastings Congress"]
[Site "Hastings"]
[Date "2019.12.28"]
[Round "1.29"]
[White "Grieve, Harry"]
[Black "Hutchinson, Paul A"]
[Result "1-0"]
[ECO "B01"]
[WhiteElo "2299"]
[BlackElo "2112"]
[Annotator "ChessBase"]
[PlyCount "165"]
[EventDate "2019.12.28"]
[EventType "swiss"]
[EventCountry "ENG"]
[SourceTitle "playchess.com"]
[Source "ChessBase"]
[SourceQuality "1"]
[TimeControl "40/6600+30:3000+30"]

1. e4 d5 2. exd5 Qxd5 3. Nc3 Qa5 4. d4 Nf6 5. Bc4 c6 6. Bd2 Bf5 7. Nd5 Qd8 8. Nxf6+ gxf6 9. Nf3 e6 10. O-O Nd7 11. Re1 Nb6 12. Bb3 Bg4 13. h3 Bh5 14. Qe2 Qd7 15. Rad1 Bg7 16. a4 O-O 17. a5 Nd5 18. c4 Nc7 19. Bc3 Rfe8 20. Qe3 Rad8 21. Ba4 Qd6 22. Rc1 a6 23. Nd2 f5 24. Nb3 f4 25. Qd2 Na8 26. Nc5 Qb8 27. d5 e5 28. Qc2 Qc8 29. dxc6 bxc6 30. Qe4 Rd6 31. Bc2 Bg6 32. Qf3 Nc7 33. Bxg6 Rxg6 34. Rcd1 Ne6 35. Ne4 Ng5 36. Nxg5 Rxg5 37. Rd6 Rg6 38. Red1 Bf8 39. Rxg6+ hxg6 40. Qg4 Qxg4 41. hxg4 e4 42. Kf1 c5 43. g5 Be7 44. Rd5 Kf8 45. Ke2 Rc8 46. Re5 Rc6 47. Rxe4 Bxg5 48. Kf3 f5 49. Re5 Kf7 50. Rd5 Ke8 51. b3 Bd8 52. Kxf4 Bc7+ 53. Kg5 Bd8+ 54. Kh6 Be7 55. f3 Kf7 56. g4 fxg4 57. fxg4 Re6 58. Re5 Rd6 59. Re3 g5+ 60. Kh5 Rd1 61. Rf3+ Ke6 62. Kg6 Rg1 63. Bf6 Bd6 64. Re3+ Kd7 65. Kxg5 Bc7 66. Kf5 Rf1+ 67. Kg6 Bxa5 68. g5 Bc7 69. Kf7 Bf4 70. Re7+ Kc6 71. Re6+ Kb7 72. g6 Bh6 73. Re5 Kc6 74. Rh5 Bf8 75. Kxf8 Rxf6+ 76. Kg7 Rf3 77. Kh8 Rxb3 78. g7 Rb8+ 79. g8=Q Rxg8+ 80. Kxg8 a5 81. Rh6+ Kb7 82. Kf7 a4 83. Ke7 1-0

[Event "95th Caplin Hastings Congress"]
[Site "Hastings"]
[Date "2019.12.28"]
[Round "1.30"]
[White "Price, Gwilym"]
[Black "Terentiev, Sergei"]
[Result "1/2-1/2"]
[ECO "B41"]
[WhiteElo "2110"]
[BlackElo "2292"]
[Annotator "NA"]
[PlyCount "95"]
[EventDate "2019.12.28"]
[EventType "swiss"]
[EventCountry "ENG"]
[SourceTitle "playchess.com"]
[Source "ChessBase"]
[SourceQuality "1"]
[TimeControl "40/6600+30:3000+30"]

1. e4 c5 2. Nf3 e6 3. d4 cxd4 4. Nxd4 a6 5. c4 Nf6 6. Nc3 Bb4 7. Qd3 Nc6 8. Nxc6 dxc6 9. Qxd8+ Kxd8 10. e5 Nd7 11. Bf4 f6 12. O-O-O Ke7 13. Ne4 Nxe5 14. Bxe5 fxe5 15. a3 Ba5 16. c5 Bc7 17. h4 Rf8 18. Rh3 Rf4 19. f3 Bd7 20. Rg3 g6 21. h5 Be8 22. h6 Bf7 23. Be2 Rd8 24. Rxd8 Kxd8 25. Rh3 Ke7 26. g3 Rf5 27. g4 Rf4 28. g5 Bd8 29. Kd2 Kd7 30. Ke3 Be7 31. b4 Kc7 32. Rh1 Bg8 33. Bc4 Rf8 34. Rd1 Rf5 35. Rg1 Rf4 36. Rg4 Rf8 37. Rg2 b5 38. Bb3 a5 39. Rd2 a4 40. Bc2 Rf4 41. Rg2 Rh4 42. Kf2 Bf7 43. Rg4 Rh1 44. Rg1 Rh2+ 45. Rg2 Rh1 46. Rg1 Rh2+ 47. Rg2 Rh1 48. Rg1 1/2-1/2

[Event "95th Caplin Hastings Congress"]
[Site "Hastings"]
[Date "2019.12.28"]
[Round "1.31"]
[White "White, Stuart A"]
[Black "Okhai, Shabir"]
[Result "1/2-1/2"]
[ECO "E54"]
[WhiteElo "2106"]
[BlackElo "2103"]
[Annotator "ChessBase"]
[PlyCount "83"]
[EventDate "2019.12.28"]
[EventType "swiss"]
[EventCountry "ENG"]
[SourceTitle "playchess.com"]
[Source "ChessBase"]
[SourceQuality "1"]
[TimeControl "40/6600+30:3000+30"]

1. d4 Nf6 2. c4 e6 3. Nc3 Bb4 4. e3 O-O 5. Bd3 d5 6. Nf3 c5 7. O-O cxd4 8. exd4 dxc4 9. Bxc4 b6 10. Bg5 Bb7 11. Rc1 Nbd7 12. Re1 Qb8 13. Ne5 Bd6 14. f4 a6 15. Qb3 b5 16. Bxe6 fxe6 17. Qxe6+ Kh8 18. Nxd7 Nxd7 19. Qxd7 Bc8 20. Qc6 Bb7 21. Qd7 Bc8 22. Qc6 Bb7 23. Qb6 Bc7 24. Qe6 Bxf4 25. Bxf4 Qxf4 26. Qe3 Qg4 27. Rc2 Rad8 28. Rf2 Rxf2 29. Qxf2 h6 30. Ne2 Kh7 31. Nf4 Rf8 32. g3 Qf5 33. Qe3 Rc8 34. Qe7 Ba8 35. Qe6 Qc2 36. d5 Rc4 37. Re2 Qd1+ 38. Kf2 Qd4+ 39. Qe3 Bxd5 40. Qxd4 Rxd4 41. Nxd5 Rxd5 42. Rc2 1/2-1/2

[Event "95th Caplin Hastings Congress"]
[Site "Hastings"]
[Date "2019.12.28"]
[Round "1.32"]
[White "Willson, Ollie"]
[Black "Garnett, John S"]
[Result "1/2-1/2"]
[ECO "D12"]
[WhiteElo "2082"]
[BlackElo "1865"]
[Annotator "NA"]
[PlyCount "104"]
[EventDate "2019.12.28"]
[EventType "swiss"]
[EventCountry "ENG"]
[SourceTitle "playchess.com"]
[Source "ChessBase"]
[SourceQuality "1"]
[TimeControl "40/6600+30:3000+30"]

1. d4 d5 2. c4 c6 3. Nf3 Nf6 4. e3 Bf5 5. Nc3 e6 6. Be2 Bd6 7. Qb3 Qc7 8. Bd2 O-O 9. Rc1 a6 10. c5 Be7 11. O-O Nbd7 12. Na4 Ne4 13. Be1 Rfe8 14. Nb6 Nxb6 15. Ba5 Rac8 16. Bxb6 Qb8 17. Rfe1 Bd8 18. Bxd8 Rcxd8 19. Bd3 Bg6 20. Qc2 Nf6 21. b4 Bxd3 22. Qxd3 Qc7 23. a4 h6 24. b5 axb5 25. axb5 Ra8 26. Ra1 b6 27. Rac1 cxb5 28. Qxb5 bxc5 29. Rxc5 Qb8 30. Ne5 Qxb5 31. Rxb5 Reb8 32. Rxb8+ Rxb8 33. Rc1 g6 34. g4 Rb7 35. Kg2 Kg7 36. h4 g5 37. hxg5 hxg5 38. Rc8 Ne4 39. f3 Nf6 40. Kg3 Nd7 41. Nc6 Nb6 42. Re8 Nc4 43. f4 Nxe3 44. fxg5 Rb3 45. Rb8 Rc3 46. Ne5 Nf5+ 47. Kf2 Nd6 48. Nf3 Rc2+ 49. Kg3 Ne4+ 50. Kf4 Rf2 51. Ke3 Rg2 52. Kf4 Rf2 {[%emt 0:05:04] Kxe4} 1/2-1/2

[Event "95th Caplin Hastings Congress"]
[Site "Hastings"]
[Date "2019.12.28"]
[Round "1.33"]
[White "Flynn, David"]
[Black "Pekin, Tolgay"]
[Result "1/2-1/2"]
[ECO "B22"]
[WhiteElo "1853"]
[BlackElo "2080"]
[Annotator "NA"]
[PlyCount "167"]
[EventDate "2019.12.28"]
[EventType "swiss"]
[EventCountry "ENG"]
[SourceTitle "playchess.com"]
[Source "ChessBase"]
[SourceQuality "1"]
[TimeControl "40/6600+30:3000+30"]

1. e4 c5 2. c3 Nf6 3. e5 Nd5 4. Nf3 e6 5. Bc4 Nb6 6. Bb3 c4 7. Bc2 d6 8. exd6 Bxd6 9. d4 Qc7 10. b3 Bd7 11. bxc4 Nxc4 12. Qe2 Nb6 13. O-O Bc6 14. h3 Bd5 15. Re1 N8d7 16. Bb3 O-O 17. Bc2 Rfe8 18. Qd3 g6 19. Ba3 Rac8 20. Bxd6 Qxd6 21. Bb3 Bc4 22. Bxc4 Nxc4 23. Nbd2 Nxd2 24. Nxd2 Qa3 25. Nb3 Nb6 26. Re5 Qb2 27. Rc5 Red8 28. Qb1 Qxb1+ 29. Rxb1 Na4 30. Rxc8 Rxc8 31. Nc5 Nxc3 32. Rxb7 Ne2+ 33. Kf1 Nxd4 34. Nb3 Nc6 35. Ke2 Rd8 36. Rc7 Rd6 37. Ke3 a5 38. Nc5 Nb4 39. Ra7 Nxa2 40. Rxa5 Nc3 41. Ne4 Nd1+ 42. Ke2 Rd8 43. Ra7 h6 44. Rb7 g5 45. Rb1 Rd4 46. Rxd1 Rxe4+ 47. Kf3 Ra4 48. g3 Kg7 49. Rb1 h5 50. Rb2 h4 51. gxh4 Rxh4 52. Kg3 Rd4 53. Rb3 Kg6 54. Ra3 e5 55. f3 Rd2 56. h4 gxh4+ 57. Kxh4 Rg2 58. Ra4 Kf5 59. Rb4 Rg1 60. Ra4 Ke6 61. Ra6+ Kd5 62. Ra4 f5 63. Kh3 f4 64. Kh2 Rg3 65. Ra5+ Kd4 66. Ra3 Rg8 67. Kh1 Rc8 68. Kg2 Rc2+ 69. Kh3 Rc3 70. Ra4+ Ke3 71. Kg4 Kf2 72. Ra2+ Ke1 73. Ra1+ Kd2 74. Ra5 Re3 75. Ra2+ Ke1 76. Ra1+ Kf2 77. Ra2+ Re2 78. Ra3 Re3 79. Ra2+ Ke1 80. Ra1+ Kf2 81. Ra2+ Re2 82. Ra3 Rd2 83. Ra5 Re2 84. Ra3 1/2-1/2

[Event "95th Caplin Hastings Congress"]
[Site "Hastings"]
[Date "2019.12.28"]
[Round "1.35"]
[White "Miller, George"]
[Black "Comellas Blanchart, Jordi"]
[Result "0-1"]
[ECO "B51"]
[WhiteElo "1845"]
[BlackElo "2064"]
[Annotator "NA"]
[PlyCount "52"]
[EventDate "2019.12.28"]
[EventType "swiss"]
[EventCountry "ENG"]
[SourceTitle "playchess.com"]
[Source "ChessBase"]
[SourceQuality "1"]
[TimeControl "40/6600+30:3000+30"]

1. e4 c5 2. Nf3 d6 3. Bb5+ Nd7 4. O-O a6 5. Bc4 Ngf6 6. Re1 e6 7. a4 Be7 8. c3 O-O 9. d4 cxd4 10. cxd4 d5 11. exd5 Nb6 12. Bb3 Nbxd5 13. Nc3 b6 14. Bg5 Bb7 15. Qe2 Qd6 16. Ne5 Qb4 17. Bxd5 Nxd5 18. Bxe7 Qxe7 19. Nd3 Rfd8 20. Qe5 Rac8 21. Rac1 Nb4 22. Nxb4 Qxb4 23. d5 exd5 24. Nxd5 Bxd5 25. Rxc8 Rxc8 26. Rd1 Be6 0-1

[Event "95th Caplin Hastings Congress"]
[Site "Hastings"]
[Date "2019.12.28"]
[Round "1.36"]
[White "Balaji, Aaravamudhan"]
[Black "Wilson, Matthew R"]
[Result "1-0"]
[ECO "D36"]
[WhiteElo "2050"]
[BlackElo "1837"]
[Annotator "NA"]
[PlyCount "72"]
[EventDate "2019.12.28"]
[EventType "swiss"]
[EventCountry "ENG"]
[SourceTitle "playchess.com"]
[Source "ChessBase"]
[SourceQuality "1"]
[TimeControl "40/6600+30:3000+30"]

1. d4 d5 2. c4 e6 3. Nc3 Nf6 4. cxd5 exd5 5. Bg5 Be7 6. e3 c6 7. Qc2 h6 8. Bh4 Nbd7 9. Bd3 Nh5 10. Bxe7 Qxe7 11. O-O-O Nb6 12. h3 Be6 13. g4 Nf6 14. f4 O-O-O 15. Kb1 Kb8 16. Nf3 Bc8 17. Rhe1 c5 18. dxc5 Qxc5 19. Nb5 Qxc2+ 20. Kxc2 Bd7 21. Nbd4 Ne4 22. Bxe4 dxe4 23. Ne5 Rhf8 24. Nb3 Rc8+ 25. Kb1 Ba4 26. Rd4 Bxb3 27. axb3 f6 28. Ng6 Rfe8 29. f5 Rcd8 30. Red1 Rxd4 31. Rxd4 Re5 32. Nxe5 fxe5 33. Rd6 Kc7 34. Re6 Nd7 35. Re7 Kc6 36. Rxg7 Nc5 1-0

[Event "95th Caplin Hastings Congress"]
[Site "Hastings"]
[Date "2019.12.28"]
[Round "1.37"]
[White "Gisbert Mir, Alejandro"]
[Black "Flear, Christine"]
[Result "0-1"]
[ECO "E46"]
[WhiteElo "1835"]
[BlackElo "2035"]
[Annotator "NA"]
[PlyCount "48"]
[EventDate "2019.12.28"]
[EventType "swiss"]
[EventCountry "ENG"]
[SourceTitle "playchess.com"]
[Source "ChessBase"]
[SourceQuality "1"]
[TimeControl "40/6600+30:3000+30"]

1. d4 Nf6 2. c4 e6 3. Nc3 Bb4 4. e3 O-O 5. Nge2 Re8 6. a3 Bf8 7. g3 d6 8. Bg2 Nbd7 9. O-O e5 10. dxe5 dxe5 11. Qc2 a5 12. b3 c6 13. Bb2 Qc7 14. Rad1 Nc5 15. b4 axb4 16. axb4 Na6 17. b5 Nc5 18. Nc1 Be6 19. bxc6 bxc6 20. Ne4 Nfxe4 21. Bxe4 Nxe4 22. Qxe4 Bh3 23. Rfe1 Bb4 24. Re2 f5 0-1

[Event "95th Caplin Hastings Congress"]
[Site "Hastings"]
[Date "2019.12.28"]
[Round "1.38"]
[White "Rice, Chris B"]
[Black "Bryant, Marc A"]
[Result "1-0"]
[ECO "A30"]
[WhiteElo "2027"]
[BlackElo "1823"]
[Annotator "NA"]
[PlyCount "57"]
[EventDate "2019.12.28"]
[EventType "swiss"]
[EventCountry "ENG"]
[SourceTitle "playchess.com"]
[Source "ChessBase"]
[SourceQuality "1"]
[TimeControl "40/6600+30:3000+30"]

1. c4 c5 2. g3 Nc6 3. Bg2 d6 4. Nc3 Bf5 5. a3 Nf6 6. d3 h6 7. Rb1 Qd7 8. Bd2 Ne5 9. Bf4 Nxc4 10. dxc4 Bxb1 11. Qxb1 g5 12. Bd2 Bg7 13. Nf3 Rd8 14. O-O a6 15. b4 b6 16. b5 axb5 17. Nxb5 g4 18. Nh4 e6 19. Bf4 e5 20. Nf5 exf4 21. Nxg7+ Kf8 22. Nf5 fxg3 23. fxg3 Qe6 24. Qd3 Ne8 25. Bd5 Qe5 26. Nh4 Nf6 27. Ng6+ fxg6 28. Qxg6 Ke7 29. Qf7# 1-0

[Event "95th Caplin Hastings Congress"]
[Site "Hastings"]
[Date "2019.12.28"]
[Round "1.39"]
[White "Drastik, Penelope"]
[Black "Anuprita, Patil"]
[Result "0-1"]
[ECO "D55"]
[WhiteElo "1821"]
[BlackElo "2025"]
[Annotator "NA"]
[PlyCount "96"]
[EventDate "2019.12.28"]
[EventType "swiss"]
[EventCountry "ENG"]
[SourceTitle "playchess.com"]
[Source "ChessBase"]
[SourceQuality "1"]
[TimeControl "40/6600+30:3000+30"]

1. d4 d5 2. c4 e6 3. Nc3 Be7 4. Nf3 Nf6 5. Bg5 h6 6. Bxf6 Bxf6 7. e3 O-O 8. Qd2 dxc4 9. Bxc4 c5 10. Ne4 cxd4 11. Nxf6+ Qxf6 12. Qxd4 Qxd4 13. Nxd4 a6 14. a4 Bd7 15. Ke2 Nc6 16. Rhd1 Rfd8 17. Nxc6 Bxc6 18. Rxd8+ Rxd8 19. g3 Kf8 20. a5 Ke7 21. Rc1 Rc8 22. Bd3 Kd6 23. Kd2 Rd8 24. Kc3 Kc7 25. f4 Rd5 26. b4 Bb5 27. Be4 Rd7 28. Rc2 Kb8 29. Rd2 Rc7+ 30. Kb3 Bc4+ 31. Kb2 Bb5 32. Kb3 Rc1 33. Bg2 Rb1+ 34. Kc3 Kc7 35. Bf3 Re1 36. Kd4 Rc1 37. Be2 Bxe2 38. Rxe2 Kc6 39. Ke5 Rc4 40. Rb2 Kb5 41. Kd6 Rxb4 42. Rxb4+ Kxb4 43. Ke7 Kxa5 44. Kxf7 b5 45. Kxe6 b4 46. e4 b3 47. f5 b2 48. e5 b1=Q 0-1

[Event "95th Caplin Hastings Congress"]
[Site "Hastings"]
[Date "2019.12.28"]
[Round "1.40"]
[White "Norinkeviciute, Rasa"]
[Black "Salmons, Calum"]
[Result "1-0"]
[ECO "B24"]
[WhiteElo "2018"]
[BlackElo "1796"]
[Annotator "NA"]
[PlyCount "83"]
[EventDate "2019.12.28"]
[EventType "swiss"]
[EventCountry "ENG"]
[SourceTitle "playchess.com"]
[Source "ChessBase"]
[SourceQuality "1"]
[TimeControl "40/6600+30:3000+30"]

1. e4 c5 2. Nc3 Nc6 3. g3 g6 4. Bg2 Bg7 5. Nge2 e6 6. d3 Nge7 7. Be3 Nd4 8. O-O O-O 9. Rb1 Nec6 10. a3 a5 11. Qd2 Rb8 12. f4 b5 13. e5 f5 14. exf6 Qxf6 15. Ne4 Qe7 16. c3 d5 17. cxd4 cxd4 18. Bf2 dxe4 19. Bxe4 Qd6 20. Rbc1 Bb7 21. Qc2 Rfd8 22. Qc5 Qxc5 23. Rxc5 Ne7 24. Bxb7 Rxb7 25. Rfc1 Nf5 26. Kg2 h5 27. Kf3 Ne3 28. b3 a4 29. b4 Rdd7 30. Ke4 Nf5 31. h3 Nd6+ 32. Kf3 Nf7 33. Rc8+ Kh7 34. R1c6 e5 35. Re8 exf4 36. gxf4 g5 37. Rc5 gxf4 38. Rxh5+ Bh6 39. Bxd4 Ng5+ 40. Kg4 Rxd4 41. Nxd4 Rg7 42. Rxh6+ 1-0

[Event "95th Caplin Hastings Congress"]
[Site "Hastings"]
[Date "2019.12.28"]
[Round "1.41"]
[White "Shivika Rohilla"]
[Black "Varney, Zoe"]
[Result "1-0"]
[ECO "C65"]
[WhiteElo "1744"]
[BlackElo "2004"]
[Annotator "NA"]
[PlyCount "69"]
[EventDate "2019.12.28"]
[EventType "swiss"]
[EventCountry "ENG"]
[SourceTitle "playchess.com"]
[Source "ChessBase"]
[SourceQuality "1"]
[TimeControl "40/6600+30:3000+30"]

1. e4 e5 2. Nf3 Nc6 3. Bb5 Nf6 4. d3 d6 5. c3 g6 6. Nbd2 Bg7 7. Nf1 O-O 8. Ng3 Ne8 9. O-O Ne7 10. Bc4 c6 11. Bb3 d5 12. d4 exd4 13. Nxd4 dxe4 14. Nxe4 Qc7 15. Be3 Nd5 16. Bxd5 cxd5 17. Ng5 Nf6 18. Nb5 Qa5 19. Nd6 Qc7 20. Nxc8 Raxc8 21. Qb3 Ng4 22. Nf3 Nxe3 23. fxe3 Rfd8 24. Nd4 Rd7 25. Rf3 Re8 26. Rd1 Bh6 27. Nc2 Qe5 28. Qa4 Rde7 29. Qxa7 Qe4 30. Rd2 Qh4 31. Qd4 Re4 32. Qxd5 Bxe3+ 33. Nxe3 Rxe3 34. Qxf7+ Kh8 35. Rxe3 1-0

[Event "95th Caplin Hastings Congress"]
[Site "Hastings"]
[Date "2019.12.28"]
[Round "1.42"]
[White "De Coverly, Roger D"]
[Black "Thatte, Nishchal"]
[Result "1-0"]
[ECO "A30"]
[WhiteElo "1986"]
[BlackElo "1723"]
[Annotator "NA"]
[PlyCount "65"]
[EventDate "2019.12.28"]
[EventType "swiss"]
[EventCountry "ENG"]
[SourceTitle "playchess.com"]
[Source "ChessBase"]
[SourceQuality "1"]
[TimeControl "40/6600+30:3000+30"]

1. Nf3 Nf6 2. g3 b6 3. Bg2 Bb7 4. O-O e6 5. c4 Be7 6. Nc3 c5 7. Re1 O-O 8. e4 d6 9. d4 Nc6 10. d5 exd5 11. exd5 Nb8 12. b3 Nbd7 13. Bb2 a6 14. a4 Re8 15. Qc2 Ng4 16. Re2 Bf6 17. Rae1 Rxe2 18. Qxe2 Qc7 19. Nd2 Nge5 20. Nce4 Be7 21. f4 Ng6 22. h4 h6 23. h5 Ngf8 24. Qg4 f6 25. Ng5 hxg5 26. Rxe7 Bc8 27. Qe2 gxf4 28. gxf4 Qd8 29. Re8 Qc7 30. h6 gxh6 31. Qe6+ Kg7 32. Re7+ Kh8 33. Bxf6+ 1-0

[Event "95th Caplin Hastings Congress"]
[Site "Hastings"]
[Date "2019.12.28"]
[Round "1.43"]
[White "Zheng, Harry Z"]
[Black "Elwin, Adrian G"]
[Result "1/2-1/2"]
[ECO "B12"]
[WhiteElo "1705"]
[BlackElo "1986"]
[Annotator "NA"]
[PlyCount "81"]
[EventDate "2019.12.28"]
[EventType "swiss"]
[EventCountry "ENG"]
[SourceTitle "playchess.com"]
[Source "ChessBase"]
[SourceQuality "1"]
[TimeControl "40/6600+30:3000+30"]

1. e4 c6 2. d4 d5 3. e5 Bf5 4. h4 h5 5. Bd3 Bxd3 6. Qxd3 e6 7. Bg5 Be7 8. Nf3 Nd7 9. Nc3 Nh6 10. Ne2 Nf5 11. Ng3 g6 12. Nxf5 gxf5 13. Qe3 Nf8 14. c3 Ng6 15. Bxe7 Qxe7 16. Qg5 b6 17. Qxe7+ Kxe7 18. g3 f6 19. exf6+ Kxf6 20. O-O c5 21. Rfe1 Rac8 22. Ng5 Rhe8 23. Rad1 Nf8 24. f4 Re7 25. Re2 cxd4 26. Rxd4 Rc4 27. Rd1 a5 28. Rd3 Nd7 29. Rde3 Rc6 30. Nf3 Nc5 31. Nd4 Rcc7 32. Nb5 Rcd7 33. Nd4 Ne4 34. Nc6 Rg7 35. Kh2 Rc7 36. Ne5 Rc8 37. Rg2 a4 38. a3 Rgc7 39. Rd3 b5 40. Re2 Rg8 41. Rg2 1/2-1/2